[ AOE2 MATCH · #505519754 ]
UnrankedPortuguese vs Turks
Player's team · WIN
Rival team · LOSS
[ REPLAY ANALYSIS · EXTRACTED FROM THE RECORDED GAME ]
Feudal
11:01
Castle
21:02
Imperial
—
| APM avg | 71.7 |
| APM peak | 132 |
| eAPM avg | 29.0 |
| Villagers / military | 67 / 66 |
Focus
⚔️ 41.9% · 🌾 58.1%
Archer ×57 · Militia ×4 · Knight ×2 · Spearman ×2 · Skirmisher ×1
Feudal
8:50
Castle
18:21
Imperial
—
| APM avg | 119.2 |
| APM peak | 206 |
| eAPM avg | 65.4 |
| Villagers / military | 144 / 37 |
Focus
⚔️ 70.9% · 🌾 29.1%
Cavalry Archer ×27 · Archer ×8 · Spearman ×1 · Scout Cavalry ×1
Match map
Initial resources + every placement click. Lines = walls · curves = elevation contours. ◆ gold · ⬟ stone · ● berries · ✦ relic · ◌ wall gap
Your base· ✓ Closed at 21:02 · 36t walls · no gate
blytz's base· Open — opponent sealed themselves in
Smoothed initial terrain · ◌ = detected wall gap · hover for details
Inputs per minute
— Fs.FASTURTLE - - blytz
Build order — Fs.FASTURTLE
First 150 of 229 actions detected
| 0:00 | Queue | Villager (Male) |
| 0:01 | Queue | Villager (Male) |
| 0:01 | Queue | Villager (Male) |
| 0:02 | Build | House |
| 0:03 | Build | House |
| 0:08 | Queue | Villager (Male) |
| 0:08 | Queue | Villager (Male) |
| 1:26 | Queue | Villager (Male) |
| 1:26 | Queue | Villager (Male) |
| 1:57 | Queue | Villager (Male) |
| 1:57 | Queue | Villager (Male) |
| 2:00 | Build | Lumber Camp |
| 2:12 | Queue | Villager (Male) |
| 2:13 | Queue | Villager (Male) |
| 2:47 | Queue | Villager (Male) |
| 2:47 | Queue | Villager (Male) |
| 3:14 | Queue | Villager (Male) |
| 3:15 | Queue | Villager (Male) |
| 3:39 | Queue | Villager (Male) |
| 3:42 | Queue | Villager (Male) |
| 3:50 | Build | House |
| 4:20 | Build | Palisade Wall |
| 4:21 | Build | Palisade Wall |
| 4:34 | Queue | Villager (Male) |
| 4:35 | Queue | Villager (Male) |
| 4:47 | Build | Barracks |
| 5:05 | Queue | Villager (Male) |
| 5:14 | Build | House |
| 5:27 | Queue | Villager (Male) |
| 5:38 | Build | Palisade Wall |
| 5:39 | Build | Palisade Wall |
| 5:45 | Queue | Militia |
| 5:45 | Queue | Militia |
| 5:58 | Queue | Militia |
| 5:59 | Queue | Militia |
| 6:00 | Queue | Villager (Male) |
| 6:14 | Build | House |
| 6:33 | Queue | Villager (Male) |
| 6:36 | Build | Palisade Wall |
| 6:36 | Build | Palisade Wall |
| 6:37 | Build | Palisade Wall |
| 7:02 | Build | Mill |
| 7:03 | Queue | Villager (Male) |
| 7:05 | Research | Loom |
| 7:53 | Queue | Villager (Male) |
| 8:06 | Queue | Villager (Male) |
| 8:41 | Build | Palisade Wall |
| 8:51 | Research | Feudal Age |
| 8:52 | Research | Feudal Age |
| 9:02 | Build | Palisade Wall |
| 9:03 | Build | Palisade Wall |
| 9:04 | Build | Palisade Wall |
| 9:07 | Build | Mining Camp |
| 9:22 | Build | Palisade Wall |
| 9:54 | Build | Lumber Camp |
| 10:39 | Queue | Villager (Male) |
| 11:01 | Age | Feudal Age |
| 11:05 | Queue | Villager (Male) |
| 11:11 | Queue | Spearman |
| 11:16 | Build | Archery Range |
| 11:17 | Research | Double-Bit Axe |
| 11:17 | Research | Horse Collar |
| 11:24 | Research | Horse Collar |
| 11:25 | Research | Horse Collar |
| 11:25 | Queue | Villager (Male) |
| 11:39 | Build | Farm |
| 11:54 | Build | Farm |
| 12:03 | Queue | Archer |
| 12:04 | Build | House |
| 12:09 | Queue | Villager (Male) |
| 12:10 | Queue | Archer |
| 12:20 | Build | Farm |
| 12:23 | Queue | Villager (Male) |
| 12:25 | Build | House |
| 12:48 | Queue | Villager (Male) |
| 12:50 | Build | Farm |
| 12:52 | Build | Farm |
| 12:54 | Build | Farm |
| 12:56 | Queue | Archer |
| 13:06 | Build | House |
| 13:24 | Queue | Villager (Male) |
| 13:25 | Build | Farm |
| 13:32 | Queue | Archer |
| 13:34 | Queue | Villager (Male) |
| 13:39 | Build | Farm |
| 14:01 | Build | Blacksmith |
| 14:14 | Queue | Villager (Male) |
| 14:16 | Queue | Archer |
| 14:21 | Build | Farm |
| 14:30 | Queue | Archer |
| 14:41 | Queue | Villager (Male) |
| 14:44 | Queue | Skirmisher |
| 14:47 | Research | Fletching |
| 14:47 | Research | Fletching |
| 14:51 | Queue | Spearman |
| 14:54 | Queue | Villager (Male) |
| 14:55 | Build | Farm |
| 15:01 | Build | House |
| 15:06 | Build | House |
| 15:33 | Build | House |
| 15:35 | Queue | Villager (Male) |
| 15:37 | Queue | Archer |
| 15:41 | Build | Farm |
| 15:44 | Build | Farm |
| 15:47 | Queue | Villager (Male) |
| 15:50 | Queue | Archer |
| 16:08 | Queue | Villager (Male) |
| 16:10 | Build | Farm |
| 16:36 | Build | Archery Range |
| 16:37 | Build | Palisade Wall |
| 16:42 | Build | Farm |
| 16:56 | Queue | Archer |
| 16:56 | Queue | Villager (Male) |
| 17:01 | Queue | Villager (Male) |
| 17:15 | Queue | Archer |
| 17:28 | Queue | Archer |
| 17:28 | Queue | Villager (Male) |
| 17:36 | Build | Farm |
| 17:38 | Build | Farm |
| 17:41 | Build | Farm |
| 17:55 | Build | House |
| 17:56 | Build | House |
| 18:22 | Research | Castle Age |
| 18:22 | Research | Castle Age |
| 18:23 | Queue | Archer |
| 18:27 | Queue | Villager (Male) |
| 18:35 | Queue | Archer |
| 18:49 | Build | House |
| 18:51 | Build | House |
| 18:57 | Build | House |
| 19:03 | Build | House |
| 19:05 | Queue | Archer |
| 19:06 | Queue | Archer |
| 19:09 | Research | Gold Mining |
| 19:14 | Build | House |
| 19:55 | Queue | Archer |
| 19:55 | Queue | Archer |
| 20:08 | Queue | Villager (Male) |
| 20:17 | Build | Market |
| 20:21 | Build | House |
| 20:23 | Build | House |
| 20:27 | Queue | Archer |
| 20:28 | Queue | Archer |
| 21:02 | Age | Castle Age |
| 21:03 | Research | Crossbowman (upgrade) |
| 21:03 | Research | Crossbowman (upgrade) |
| 21:04 | Research | Bodkin Arrow |
| 21:04 | Research | Bodkin Arrow |
| 21:16 | Queue | Archer |
| 21:17 | Queue | Archer |
Build order — blytz
First 150 of 284 actions detected
| 0:00 | Queue | Villager (Male) |
| 0:00 | Queue | Villager (Male) |
| 0:01 | Build | House |
| 0:02 | Build | House |
| 0:03 | Queue | Villager (Male) |
| 0:06 | Queue | Villager (Male) |
| 0:06 | Queue | Villager (Male) |
| 1:26 | Queue | Villager (Male) |
| 2:00 | Queue | Villager (Male) |
| 2:11 | Queue | Villager (Male) |
| 2:12 | Build | Lumber Camp |
| 2:47 | Queue | Villager (Male) |
| 3:03 | Queue | Villager (Male) |
| 3:03 | Queue | Villager (Male) |
| 3:27 | Queue | Villager (Male) |
| 3:47 | Queue | Villager (Male) |
| 3:50 | Build | House |
| 3:54 | Queue | Villager (Male) |
| 4:13 | Queue | Villager (Male) |
| 4:37 | Queue | Villager (Male) |
| 4:47 | Queue | Villager (Male) |
| 5:20 | Queue | Villager (Male) |
| 5:24 | Queue | Villager (Male) |
| 5:38 | Build | Mill |
| 5:41 | Queue | Villager (Male) |
| 5:48 | Queue | Villager (Male) |
| 6:08 | Research | Loom |
| 6:35 | Research | Feudal Age |
| 6:35 | Research | Feudal Age |
| 6:38 | Queue | Villager (Male) |
| 7:05 | Queue | Villager (Male) |
| 7:13 | Queue | Villager (Male) |
| 7:14 | Build | House |
| 7:38 | Build | House |
| 7:40 | Queue | Villager (Male) |
| 7:50 | Queue | Villager (Male) |
| 8:05 | Queue | Villager (Male) |
| 8:13 | Build | Barracks |
| 8:13 | Queue | Villager (Male) |
| 8:38 | Queue | Villager (Male) |
| 8:50 | Build | Palisade Wall |
| 8:50 | Age | Feudal Age |
| 8:51 | Build | Palisade Wall |
| 8:52 | Build | Palisade Wall |
| 8:54 | Queue | Villager (Male) |
| 9:19 | Build | Archery Range |
| 9:20 | Queue | Villager (Male) |
| 9:25 | Queue | Villager (Male) |
| 9:26 | Queue | Spearman |
| 9:32 | Queue | Villager (Male) |
| 9:33 | Queue | Villager (Male) |
| 9:43 | Research | Double-Bit Axe |
| 9:43 | Research | Double-Bit Axe |
| 9:45 | Queue | Villager (Male) |
| 9:51 | Queue | Villager (Male) |
| 10:01 | Queue | Villager (Male) |
| 10:04 | Queue | Archer |
| 10:21 | Queue | Villager (Male) |
| 10:36 | Queue | Villager (Male) |
| 10:46 | Queue | Villager (Male) |
| 10:50 | Queue | Villager (Male) |
| 10:52 | Build | Mining Camp |
| 10:59 | Queue | Villager (Male) |
| 11:01 | Build | Farm |
| 11:02 | Build | Farm |
| 11:02 | Queue | Villager (Male) |
| 11:03 | Queue | Villager (Male) |
| 11:11 | Build | Farm |
| 11:13 | Queue | Villager (Male) |
| 11:14 | Queue | Villager (Male) |
| 11:23 | Queue | Villager (Male) |
| 11:30 | Queue | Villager (Male) |
| 11:32 | Build | Farm |
| 11:50 | Queue | Villager (Male) |
| 11:55 | Build | Farm |
| 12:06 | Queue | Villager (Male) |
| 12:06 | Queue | Villager (Male) |
| 12:07 | Queue | Villager (Male) |
| 12:14 | Build | House |
| 12:15 | Queue | Archer |
| 12:18 | Queue | Villager (Male) |
| 12:18 | Queue | Villager (Male) |
| 12:21 | Build | House |
| 12:22 | Build | House |
| 12:23 | Build | House |
| 12:41 | Queue | Archer |
| 12:43 | Queue | Villager (Male) |
| 12:45 | Queue | Villager (Male) |
| 12:54 | Queue | Villager (Male) |
| 12:55 | Queue | Villager (Male) |
| 13:02 | Queue | Villager (Male) |
| 13:07 | Queue | Villager (Male) |
| 13:09 | Build | Farm |
| 13:09 | Queue | Villager (Male) |
| 13:11 | Build | Farm |
| 13:11 | Queue | Villager (Male) |
| 13:28 | Queue | Villager (Male) |
| 13:31 | Queue | Villager (Male) |
| 13:32 | Queue | Villager (Male) |
| 13:32 | Queue | Villager (Male) |
| 13:34 | Build | Farm |
| 13:35 | Queue | Villager (Male) |
| 13:44 | Queue | Archer |
| 13:45 | Queue | Villager (Male) |
| 13:57 | Queue | Villager (Male) |
| 14:01 | Build | Farm |
| 14:01 | Queue | Villager (Male) |
| 14:07 | Queue | Villager (Male) |
| 14:21 | Queue | Villager (Male) |
| 14:24 | Queue | Villager (Male) |
| 14:29 | Queue | Villager (Male) |
| 14:33 | Queue | Villager (Male) |
| 14:38 | Queue | Archer |
| 14:39 | Queue | Villager (Male) |
| 14:52 | Queue | Villager (Male) |
| 14:54 | Build | Blacksmith |
| 14:56 | Queue | Villager (Male) |
| 14:57 | Build | Palisade Wall |
| 15:05 | Queue | Archer |
| 15:05 | Queue | Villager (Male) |
| 15:41 | Research | Castle Age |
| 15:41 | Research | Castle Age |
| 16:02 | Build | House |
| 16:16 | Queue | Villager (Male) |
| 16:19 | Queue | Villager (Male) |
| 16:20 | Queue | Villager (Male) |
| 16:20 | Queue | Villager (Male) |
| 16:22 | Queue | Villager (Male) |
| 16:26 | Queue | Villager (Male) |
| 16:31 | Build | Stable |
| 16:39 | Research | Fletching |
| 16:43 | Queue | Villager (Male) |
| 16:45 | Build | House |
| 16:47 | Build | House |
| 16:57 | Queue | Villager (Male) |
| 16:57 | Queue | Villager (Male) |
| 16:59 | Build | House |
| 17:06 | Queue | Archer |
| 17:09 | Queue | Villager (Male) |
| 17:10 | Queue | Villager (Male) |
| 17:36 | Queue | Archer |
| 17:38 | Queue | Scout Cavalry |
| 18:16 | Queue | Villager (Male) |
| 18:19 | Queue | Villager (Male) |
| 18:21 | Age | Castle Age |
| 18:23 | Research | Bodkin Arrow |
| 18:29 | Queue | Cavalry Archer |
| 18:30 | Queue | Villager (Male) |
| 18:32 | Queue | Villager (Male) |
| 18:34 | Build | Town Center |
Match timeline
| 4:20 | Fs.FASTURTLE · wall_segment Palisade Wall x1 |
| 4:21 | Fs.FASTURTLE · wall_segment Palisade Wall x1 |
| 4:47 | Fs.FASTURTLE · first_building Barracks |
| 5:38 | Fs.FASTURTLE · wall_segment Palisade Wall x1 |
| 5:39 | Fs.FASTURTLE · wall_segment Palisade Wall x1 |
| 6:36 | Fs.FASTURTLE · wall_segment Palisade Wall x1 |
| 6:36 | Fs.FASTURTLE · wall_segment Palisade Wall x1 |
| 6:37 | Fs.FASTURTLE · wall_segment Palisade Wall x1 |
| 8:13 | blytz · first_building Barracks |
| 8:41 | Fs.FASTURTLE · wall_segment Palisade Wall x16 |
| 8:50 | blytz · wall_segment Palisade Wall x1 |
| 8:50 | blytz · age_up feudal |
| 8:51 | blytz · wall_segment Palisade Wall x1 |
| 8:52 | blytz · wall_segment Palisade Wall x1 |
| 9:02 | Fs.FASTURTLE · wall_segment Palisade Wall x1 |
| 9:03 | Fs.FASTURTLE · wall_segment Palisade Wall x1 |
| 9:04 | Fs.FASTURTLE · wall_segment Palisade Wall x3 |
| 9:19 | blytz · first_building Archery Range |
| 9:22 | Fs.FASTURTLE · wall_segment Palisade Wall x7 |
| 11:01 | Fs.FASTURTLE · age_up feudal |
| 11:16 | Fs.FASTURTLE · first_building Archery Range |
| 14:57 | blytz · wall_segment Palisade Wall x1 |
| 16:31 | blytz · first_building Stable |
| 16:37 | Fs.FASTURTLE · wall_segment Palisade Wall x1 |
| 18:21 | blytz · age_up castle |
| 21:02 | Fs.FASTURTLE · age_up castle |
| 26:35 | blytz · first_market_sell 100 wood |
| 27:57 | Fs.FASTURTLE · first_building Stable |
| 29:06 | blytz · resign |
[ AI ANALYSIS · 1 CREDIT ]
What really happened in this match?
Wolo.gg analyzes every decision: build order, eco, micro, common mistakes by bracket. Personalized analysis on WhatsApp or Discord in 30 seconds.
Civ guide
Portuguese
Perfil
Jugador #2861438